 Dungeon Crawl Stone Soup version 0.29.1-4-g47bece8355 (webtiles) character file.

Game seed: 12810500513919605903

7683 GorkyZ the Covered (level 11, -2/100 HPs)
             Began as a Gargoyle Fighter on Dec 4, 2022.
             Was an Initiate of Gozag.
             Slain by a seven-headed hydra (5 damage)
             ... on level 9 of the Dungeon.
             The game lasted 00:32:01 (10542 turns).

GorkyZ the Covered (Gargoyle Fighter)              Turns: 10542, Time: 00:32:02

Health: -2/100     AC: 29    Str: 25    XL:     11   Next: 19%
Magic:  11/11      EV:  2    Int:  8    God:    Gozag
Gold:   1136       SH:  0    Dex:  9    Spells: 10/10 levels left

rFire   + . .      SeeInvis .   C - +1 demon trident (venom)
rCold   + . .      Faith    .   c - +0 buckler
rNeg    + . .      Spirit   .   (body armour currently unavailable)
rPois   ∞          Reflect  .   (helmet currently unavailable)
rElec   +          Harm     .   (cloak currently unavailable)
rCorr   +          Rampage  .   (gloves currently unavailable)
Will    .....      NoTele   +   (boots currently unavailable)
Stlth   +.........              (no amulet)
HPRegen 0.26/turn               j - +4 ring of evasion
MPRegen 0.12/turn               z - +4 ring of protection

@: confused, tree-form, resistant, ambrosia-drunk, studying Maces & Flails
A: stationary, stasis, torment immunity, boosted hp, sickness immunity, AC +8,
negative energy resistance 1, (electricity resistance), torment resistance 1,
petrification resistance
a: Renounce Religion, Potion Petition, Call Merchant, Bribe Branch


You were on level 9 of the Dungeon.
You worshipped Gozag.
Gozag was most pleased with you.
You were a tree.
You visited 2 branches of the dungeon, and saw 10 of its levels.

You collected 1191 gold pieces.
You paid 55 gold pieces to Gozag.

Inventory:

Hand Weapons
 a - a +0 war axe
 d - a +0 scythe
 p - a +0 vorpal hand axe
 C - a +1 demon trident of venom (weapon)
 H - a +5 mace
 I - a +0 morningstar
 J - a +1 whip of venom
 M - a +0 halberd
Missiles
 i - 22 poisoned darts
 o - 4 javelins
 q - 10 boomerangs (quivered)
 t - a silver boomerang
Armour
 b - a +0 scale mail
 c - a +0 buckler (worn)
 h - a +0 pair of boots (melded)
 l - the +2 scale mail of the Mackerel (melded) {rElec}
   (You found it on level 3 of the Dungeon)

   rElec:     It insulates you from electricity.
 x - a +2 helmet (melded)
 y - a +0 helmet
 D - the +1 leather armour "Kikoec" {Harm rCorr Int+4 Dex-2}
   (You found it on level 6 of the Dungeon)

   Int:       It affects your intelligence (+4).
   Dex:       It affects your dexterity (-2).
   rCorr:     It protects you from acid and corrosion.
   Harm:      It increases damage dealt and taken.
 L - the +0 robe of Rationality {Rampage Int+6 Stlth-}
   (You found it on level 7 of the Dungeon)

   Int:       It affects your intelligence (+6).
   Rampage:   It bestows one free step when moving towards enemies.
   Stlth:     It makes you less stealthy.
Jewellery
 j - a +4 ring of evasion (left branch)
 z - a +4 ring of protection (right branch)
 A - an amulet of guardian spirit
 E - a ring of see invisible
Wands
 e - a wand of roots (10)
 K - a wand of flame (5)
 Q - a wand of charming (3)
Scrolls
 g - 2 scrolls of fear
 r - 3 scrolls of teleportation
 s - 3 scrolls of blinking
 F - a scroll of amnesia
 G - a scroll of identify
 N - a scroll of summoning
 O - 3 scrolls of magic mapping
Potions
 k - 2 potions of flight
 m - a potion of resistance
 u - 3 potions of brilliance
 v - 2 potions of mutation
 B - 2 potions of degeneration


   Skills:
 + Level 7.6 Fighting
 + Level 5.9(6.5) Axes
 - Level 3.1(5.2) Maces & Flails
 + Level 2.1(4.3) Polearms
 + Level 5.6 Throwing
 + Level 7.7 Armour
 + Level 5.1 Dodging
 + Level 7.5 Shields
 + Level 5.5 Evocations


You had 10 spell levels left.
You didn't know any spells.
Your spell library contained the following spells:

 Spells                   Type           Power      Damage    Failure   Level
 Shock                    Conj/Air       0%         1d3       47%         1
 Slow                     Hex            0%         N/A       47%         1
 Confusing Touch          Hex            0%         N/A       85%         3
 Summon Guardian Golem    Hex/Summ       0%         N/A       85%         3
 Swiftness                Air            0%         N/A       85%         3
 Vampiric Draining        Necr           0%         2d6       85%         3
 Airstrike                Air            0%         2d(0-16)  99%         4
 Malign Gateway           Summ/Tloc      0%         N/A       100%        7
 Orb of Destruction       Conj           0%         9d5       100%        7
 Spellforged Servitor     Conj/Summ      0%         N/A       100%        7
 Summon Horrible Things   Summ           0%         N/A       100%        8


Dungeon Overview and Level Annotations

Branches:
Dungeon (9/15)             Temple (1/1) D:4
   Lair: D:8-11         Orc: D:9-12

Altars:
Ashenzari
Cheibriados
Dithmenos
Elyvilon
Gozag
Hepliaklqana
Kikubaaqudgha
Makhleb
Okawaru
Qazlal
Ru
Sif Muna
Trog
Vehumet
Wu Jian
Yredelemnul
Zin
The Shining One

Shops:
D:6 :

Annotations:
D:2 1 runed translucent door, Crazy Yiuf


Innate Abilities, Weirdness & Mutations

You are a tree.
Your roots penetrate the ground, keeping you stationary.
You cannot be teleported.
You are immune to unholy pain and torment.
Your maximum health is greatly increased.
Your equipment is partially melded.
You are immune to sickness and miasma.
((Your stone body is resilient. (AC +8)))
You are immune to poison.
You resist negative energy. (rN+)
((You are resistant to electric shocks. (rElec)))
You are resistant to unholy torment.
You are immune to petrification.


Message History

You feel protected. The seven-headed hydra bites you!
* * * LOW HITPOINT WARNING * * *
The seven-headed hydra bites you but does no damage. x6
Something hits you but does no damage.
A steam dragon comes into view.
You cannot move. (Use ctrl+direction or * direction to attack while stationary and confused.)
You cannot move. (Use ctrl+direction or * direction to attack while stationary and confused.)
You cannot move. (Use ctrl+direction or * direction to attack while stationary and confused.)
You are too confused!
The steam dragon hisses angrily.
The seven-headed hydra bites you but does no damage. x7
Something hits you but does no damage.
The seven-headed hydra bites you but does no damage.
The seven-headed hydra bites you.
* * * LOW HITPOINT WARNING * * *
The seven-headed hydra barely misses you.
The seven-headed hydra bites you but does no damage.
The seven-headed hydra bites you!
* * * LOW HITPOINT WARNING * * *
The seven-headed hydra bites you but does no damage.
The seven-headed hydra completely misses you.
Something hits you but does no damage.
The seven-headed hydra bites you but does no damage.
The seven-headed hydra bites you.
* * * LOW HITPOINT WARNING * * *
The seven-headed hydra bites you but does no damage.
The seven-headed hydra completely misses you.
The seven-headed hydra bites you but does no damage.
The seven-headed hydra barely misses you.
The seven-headed hydra bites you.
* * * LOW HITPOINT WARNING * * *
Something hits you but does no damage.
You cannot move. (Use ctrl+direction or * direction to attack while stationary and confused.)
You attack the crystal wall.
The seven-headed hydra bites you.
* * * LOW HITPOINT WARNING * * *
The seven-headed hydra bites you but does no damage.
The seven-headed hydra bites you.
You die...
Your body crumbles into a pile of gold.

#.#########..
#.# #.## ##.#
#.#
######..#######
...
#..............
...
#..#####'#######
####.####
#..$.#..#
#.$#.{♣.#
##.####D# .. $


uD' #.# ###.# #. .# #. # ## $ You could see a seven-headed hydra, a cyan ugly
thing and a steam dragon.

Vanquished Creatures
  A two-headed ogre (D:8)
  Pikel (D:8)
  A troll (D:9)
  A hornet (D:9)
  Grinder (D:3)
  A slime creature (D:9)
  Sigmund (D:3)
  2 shadows (D:9)
  Eustachio (D:6)
  8 yaks
  A wyvern (D:9)
  Grum (D:8)
  A vampire mosquito (D:9)
  An acid dragon (D:8)
  2 water moccasins
  An orc warrior (D:9)
  A black bear (D:5)
  2 ice beasts
  A sky beast (D:7)
  4 wolves (D:8)
  3 centaurs
  An ogre (D:4)
  3 kobold brigands
  Blork the orc (D:5)
  3 bullfrogs
  2 necrophages (D:7)
  2 scorpions
  11 wights
  3 howler monkeys
  A jelly (D:7)
  9 hounds
  An orc priest (D:4)
  A gnoll bouda (D:4)
  4 iguanas
  3 orc wizards
  7 adders
  4 gnolls (D:2)
  A shadow imp (D:8)
  2 white imps (D:7)
  2 worms (D:4)
  2 dart slugs (D:1)
  24 orcs
  8 endoplasms
  13 giant cockroaches
  6 hobgoblins
  4 jackals (D:4)
  A quokka (D:3)
  4 ball pythons
  6 bats
  5 frilled lizards
  4 goblins
  16 kobolds
  6 rats
196 creatures vanquished.

Vanquished Creatures (collateral kills)
  A sky beast (D:6)
1 creature vanquished.

Grand Total: 197 creatures vanquished

Notes
Turn   | Place    | Note
-------+----------+-------------------------------------------
     0 | D:1      | GorkyZ the Gargoyle Fighter began the quest for the Orb.
     0 | D:1      | Reached XP level 1. HP: 14/14 MP: 1/1
   234 | D:1      | Reached XP level 2. HP: 19/19 MP: 2/2
   277 | D:1      | Found a faded altar of an unknown god.
   730 | D:2      | Reached XP level 3. HP: 23/23 MP: 3/3
   847 | D:2      | Reached skill level 1 in Throwing
   847 | D:2      | Reached XP level 4. HP: 8/28 MP: 4/4
   853 | D:2      | Reached skill level 1 in Evocations
  1382 | D:2      | Reached skill level 1 in Dodging
  1946 | D:2      | Found a runed translucent door.
  1947 | D:2      | Noticed Crazy Yiuf
  2252 | D:3      | Reached XP level 5. HP: 26/33 MP: 5/5
  2253 | D:3      | Identified the +2 scale mail of the Mackerel {rElec}
  2504 | D:3      | Noticed Sigmund
  2523 | D:3      | Killed Sigmund
  2524 | D:3      | Reached XP level 6. HP: 19/38 MP: 6/6
  2737 | D:3      | Noticed Grinder
  2773 | D:3      | Paralysed by Grinder for 2 turns
  2806 | D:3      | Killed Grinder
  2807 | D:3      | Reached XP level 7. HP: 16/44 MP: 7/7
  4151 | D:4      | Found a burning altar of Makhleb.
  4323 | D:4      | Reached XP level 8. HP: 44/48 MP: 8/8
  4551 | D:4      | Found a staircase to the Ecumenical Temple.
  4561 | Temple   | Entered the Ecumenical Temple
  4642 | Temple   | Became a worshipper of Gozag Ym Sagoz the Greedy
  4899 | D:5      | Entered Level 5 of the Dungeon
  4907 | D:5      | Reached skill level 5 in Fighting
  4907 | D:5      | Reached skill level 5 in Armour
  4907 | D:5      | Reached skill level 5 in Shields
  5114 | D:5      | Noticed Blork the orc
  5122 | D:5      | Killed Blork the orc
  6265 | D:6      | Found Qoiniahi's Book Shoppe.
  6338 | D:6      | Noticed Eustachio
  6450 | D:6      | Killed Eustachio
  6451 | D:6      | Reached XP level 9. HP: 51/55 MP: 9/9
  6627 | D:6      | Identified the +1 leather armour "Kikoec" {Harm rCorr Int+4
                  | Dex-2}
  8285 | D:7      | Identified the +0 robe of Rationality {Rampage Int+6
                  | Stlth-}
  8997 | D:8      | Found a stormy altar of Qazlal.
  9074 | D:8      | Reached skill level 5 in Axes
  9092 | D:8      | Noticed a two-headed ogre
  9098 | D:8      | Killed a two-headed ogre
  9099 | D:8      | Reached XP level 10. HP: 61/61 MP: 10/10
  9116 | D:8      | Noticed Pikel
  9121 | D:8      | Noticed Grum
  9379 | D:8      | Killed Pikel
  9380 | D:8      | Reached skill level 5 in Throwing
  9385 | D:8      | Killed Grum
  9591 | D:8      | Found a radiant altar of Vehumet.
  9640 | D:8      | Reached skill level 5 in Evocations
  9649 | D:8      | Reached skill level 1 in Polearms
  9984 | D:8      | Found an iron altar of Okawaru.
 10328 | D:9      | Reached XP level 11. HP: 4/67 MP: 11/11
 10359 | D:9      | Reached skill level 5 in Dodging
 10520 | D:9      | Noticed a cyan ugly thing
 10520 | D:9      | Noticed a seven-headed hydra
 10521 | D:9      | Noticed a wizard
 10538 | D:9      | HP: 2/100 [seven-headed hydra (10)]
 10542 | D:9      | Slain by a seven-headed hydra

Illustrated notes

Levels and vault maps discovered:
D:1:      psy_arrival_basics, layout_rooms, shapermc_ecumenical_altar_notcrosses
D:2:      layout_basic, hangedman_decor_opposing, kennysheep_generic_room_12,
          uniq_crazy_yiuf_cottage
D:3:      minmay_roachtagon, layout_loops_ring, minmay_misc_feat_doors,
          grunt_decor_arrowhead, minmay_misc_feat_pillars, uniq_sigmund,
          uniq_grinder
D:4:      kb_forest_paths, layout_cave_pools, bloody_makhleb, temple_hall
D:5:      layout_gridville, chequers_jeans, uniq_blork_the_orc
D:6:      layout_gridville, serial_co_window_serial, co_window_of_opportunity_a,
          co_window_paths_b, co_window_of_opportunity_a,
          co_window_of_opportunity_a, co_window_paths_b,
          co_window_of_opportunity_a, co_window_corner_a,
          co_window_of_opportunity_a, co_window_paths_b, co_window_corner_b,
          co_window_cross_4, co_window_broadway_a, co_window_paths_c,
          co_window_paths_e, co_window_4corner_b, glass_columns_b,
          glass_columns_a, glass_columns_a, glass_columns_a, glass_columns_a,
          serial_shops, shop, corner_web_ring, uniq_eustachio
D:7:      layout_basic
D:8:      layout_basic, nicolae_qazlal_general_emergency,
          mainiacjoe_overflow_alcove_1, kennysheep_mini_moat, uniq_grum,
          uniq_pikel
D:9:      layout_loops_corners, dreamdust_deal_with_the_devil,
          minmay_the_grid_2x2 [minmay_the_grid_doors, minmay_the_grid_embedded,
          minmay_the_grid_slots, minmay_the_grid_prize_trominoes]
Temple:   mainiacjoe_temple_bowtie_tessellation

Skill      XL: |  1  2  3  4  5  6  7  8  9 10 11 |
---------------+----------------------------------+-----
Axes           | 2 3 4 5 |  5.9
Throwing       | 1 2 3 4 5 |  5.6
Evocations     | 1 2 3 4 5 |  5.5
Dodging        | 1 2 3 4 5 |  5.1
Fighting       | 4 5 6 7 |  7.6
Armour         | 4 5 6 7 |  7.7
Shields        | 4 5 6 7 |  7.5
Maces & Flails | 2 3 |  3.1
Polearms       | 1 2 |  2.1

Action                   |  1- 3 |  4- 6 |  7- 9 | 10-12 || total
-------------------------+-------+-------+-------+-------++-------
Melee: War axe           |    86 |    68 |       |       ||   154
       Hand axe          |       |    27 |       |       ||    27
       Halberd           |       |    69 |   606 |       ||   675
       Morningstar       |       |       |     5 |    49 ||    54
       Demon trident     |       |       |       |   168 ||   168
       Unarmed           |       |       |       |     2 ||     2
Throw: Boomerang         |       |       |     4 |     3 ||     7
Evoke: Wand              |       |       |     5 |     2 ||     7
  Use: Scroll            |     3 |     2 |    11 |     1 ||    17
       Potion            |       |     1 |       |     9 ||    10
 Stab: Distracted        |       |       |       |     1 ||     1
Armor: Scale mail        |    52 |   102 |   267 |   130 ||   551
       Leather armour    |       |       |    76 |       ||    76
       Robe              |       |       |    14 |       ||    14
       Skin              |       |       |       |    51 ||    51
Dodge: Dodged            |    63 |   176 |   700 |   216 ||  1155
Block: Buckler           |    24 |    27 |     3 |    56 ||   110
